[Event "47th GRE-chT 2019"]
[Site "Patra"]
[Date "2019.07.05"]
[Round "5.6"]
[White "Kokkota, Fotini"]
[Black "Louka, Magdalini"]
[Result "1/2-1/2"]
[ECO "B38"]
[WhiteElo "1664"]
[BlackElo "1766"]
[Annotator "NA RC"]
[PlyCount "99"]
[EventDate "2019.07.02"]
[EventCountry "GRE"]
[SourceTitle "playchess.com"]
[Source "ChessBase"]
[SourceQuality "1"]
[TimeControl "5400+30"]

1. e4 c5 2. Nf3 g6 3. d4 cxd4 4. Nxd4 Nc6 5. c4 Bg7 6. Be3 Nf6 7. Nc3 O-O 8. Be2 d6 9. O-O Bd7 10. Qd2 Nxd4 11. Bxd4 Bc6 12. f3 a5 13. b3 Nd7 14. Be3 Nc5 15. Rab1 e6 16. Rfd1 Be5 17. Bf4 Qe7 18. Qe3 Rad8 19. Bh6 Bg7 20. Bxg7 Kxg7 21. Nb5 e5 22. Nc3 Ne6 23. Bf1 f5 24. Nd5 Qf7 25. exf5 gxf5 26. Qc3 Nd4 27. Qxa5 Ra8 28. Qc3 Rxa2 29. Rxd4 exd4 30. Qxd4+ Kg8 31. Nb4 Raa8 32. Qxd6 Qg6 33. Qf4 Rad8 34. c5 Qf6 35. Bc4+ Kh8 36. Re1 Qd4+ 37. Qxd4+ Rxd4 38. Nxc6 bxc6 39. Re6 Rc8 40. Kf2 f4 41. Ke2 Ra8 42. g3 Ra2+ 43. Ke1 Ra1+ 44. Kf2 Rd2+ 45. Be2 Rc2 46. Rxc6 Raa2 47. Re6 fxg3+ 48. hxg3 Rxc5 49. Re3 Rb2 50. Ke1 1/2-1/2

[Event "47th GRE-chT 2019"]
[Site "Patra"]
[Date "2019.07.05"]
[Round "5.7"]
[White "Kouta, Antonia"]
[Black "Dereka, Konstantina"]
[Result "0-1"]
[ECO "B54"]
[WhiteElo "1762"]
[BlackElo "1469"]
[Annotator "NA RC"]
[PlyCount "80"]
[EventDate "2019.07.02"]
[EventCountry "GRE"]
[SourceTitle "playchess.com"]
[Source "ChessBase"]
[SourceQuality "1"]
[TimeControl "5400+30"]

1. e4 c5 2. Nf3 d6 3. d4 cxd4 4. Nxd4 Nf6 5. f3 e5 6. Nb3 d5 7. Bg5 Be6 8. Bxf6 gxf6 9. exd5 Qxd5 10. Qxd5 Bxd5 11. Nc3 Bxb3 12. axb3 Bb4 13. Bd3 Nd7 14. Ke2 Bxc3 15. bxc3 Nc5 16. Bf5 a6 17. b4 Ne6 18. b5 a5 19. b6 Ke7 20. Ra4 Nf4+ 21. Kf2 Rhd8 22. Re1 Rd2+ 23. Kf1 Nxg2 24. Ree4 Nf4 25. Re1 Nd5 26. Rc4 Rg8 27. Rg4 Rxg4 28. fxg4 Rxh2 29. Kg1 Rh4 30. Kg2 Nf4+ 31. Kg3 Rh3+ 32. Kf2 Rxc3 33. Rd1 Ne6 34. Rd5 Rc5 35. Rd3 Rxc2+ 36. Ke3 Rb2 37. Ra3 Rxb6 38. Rxa5 Rb3+ 39. Kd2 Nd4 40. Bxh7 Rh3 0-1

[Event "47th GRE-chT 2019"]
[Site "Patra"]
[Date "2019.07.05"]
[Round "5.7"]
[White "Arapkoule, Eirini"]
[Black "Tsivelekidou, Evgenia"]
[Result "0-1"]
[ECO "E14"]
[WhiteElo "1370"]
[BlackElo "1956"]
[Annotator "NA RC"]
[PlyCount "56"]
[EventDate "2019.07.02"]
[EventCountry "GRE"]
[SourceTitle "playchess.com"]
[Source "ChessBase"]
[SourceQuality "1"]
[TimeControl "5400+30"]

1. d4 Nf6 2. Nf3 e6 3. e3 b6 4. Bd3 Bb7 5. O-O d5 6. b3 Bd6 7. Bb2 O-O 8. Nbd2 Ne4 9. c4 Nd7 10. Qc2 f5 11. Ne5 Bxe5 12. dxe5 Nxd2 13. Qxd2 Nc5 14. Ba3 dxc4 15. Bxc5 Qd5 16. f4 c3 17. Qc2 Qxc5 18. Rfe1 b5 19. Rac1 b4 20. Bc4 Qc6 21. Qf2 Rad8 22. Red1 Rd7 23. Qf3 Rxd1+ 24. Rxd1 Qxc4 25. bxc4 Bxf3 26. gxf3 a5 27. Kf2 a4 28. Ke2 b3 0-1

[Event "47th GRE-chT 2019"]
[Site "Patra"]
[Date "2019.07.05"]
[Round "5.8"]
[White "Zisiadis, Dimitrios"]
[Black "Kouskoutis, Georgios-Alexandros"]
[Result "0-1"]
[ECO "E60"]
[WhiteElo "2082"]
[BlackElo "2256"]
[Annotator "NA"]
[PlyCount "218"]
[EventDate "2019.07.02"]
[EventCountry "GRE"]
[SourceTitle "playchess.com"]
[Source "ChessBase"]
[SourceQuality "1"]
[TimeControl "5400+30"]

1. Nf3 c5 2. c4 g6 3. d4 cxd4 4. Nxd4 Bg7 5. Nc3 Nc6 6. Nb3 Nf6 7. g3 O-O 8. Bg2 d6 9. O-O a5 10. Na4 Be6 11. c5 d5 12. Be3 Ra6 13. h3 Bd7 14. Nb6 a4 15. Nd4 e5 16. Nxc6 Bxc6 17. Bg5 e4 18. Qd2 d4 19. Rfd1 Qb8 20. Bf4 Qe8 21. Bd6 e3 22. Qxd4 Ne4 23. Qxe3 Nxd6 24. Rxd6 Qxe3 25. fxe3 Bxg2 26. Kxg2 a3 27. Rad1 axb2 28. a4 h5 29. Kf3 Ra5 30. R6d5 Re8 31. Rb1 Re6 32. e4 Rc6 33. Nd7 Rxa4 34. e5 Rb4 35. Rd2 Rc7 36. Nf6+ Bxf6 37. exf6 Rxc5 38. Rbxb2 Rf5+ 39. Kg2 Rxb2 40. Rxb2 b5 41. e4 Rc5 42. Kf3 g5 43. Ra2 Kh7 44. Ra6 Kg6 45. Rb6 Rc3+ 46. Kg2 Re3 47. Rxb5 Rxe4 48. Kf3 Ra4 49. Rc5 Ra3+ 50. Kg2 Ra2+ 51. Kg1 Ra6 52. Kg2 Rxf6 53. Rb5 Re6 54. g4 f6 55. Ra5 Rb6 56. Ra2 Rb4 57. Kg3 Rb3+ 58. Kg2 hxg4 59. hxg4 Kf7 60. Ra6 Ke7 61. Kf2 Rd3 62. Kg2 Rd6 63. Ra8 Rb6 64. Kf3 Ke6 65. Ra5 Rb3+ 66. Kf2 Rd3 67. Kg2 Rd5 68. Ra3 Ke5 69. Kf3 Rd6 70. Ra5+ Kd4 71. Ra4+ Kd3 72. Ra3+ Kc4 73. Ra4+ Kb3 74. Ra7 Kc4 75. Ra4+ Kd5 76. Ra5+ Ke6 77. Ra3 Rd4 78. Ra6+ Ke5 79. Ra5+ Rd5 80. Ra3 Rc5 81. Rd3 Rc1 82. Ra3 Rf1+ 83. Kg3 Rd1 84. Kf3 Rd4 85. Ra5+ Ke6 86. Ra6+ Rd6 87. Ra3 Rb6 88. Kg3 Kd5 89. Kf3 Ke6 90. Kg3 Rb4 91. Kf3 Rf4+ 92. Kg3 Rc4 93. Kf3 Kd5 94. Rd3+ Kc5 95. Ra3 Kd4 96. Ra6 Rc3+ 97. Kf2 Ke5 98. Rb6 Rd3 99. Ra6 Rd6 100. Ra4 Rd4 101. Ra5+ Kf4 102. Rf5+ Kxg4 103. Rxf6 Rf4+ 104. Rxf4+ Kxf4 105. Kg2 Kg4 106. Kg1 Kg3 107. Kh1 g4 108. Kg1 Kh3 109. Kh1 g3 0-1

[Event "47th GRE-chT 2019"]
[Site "Patra"]
[Date "2019.07.05"]
[Round "5.8"]
[White "Makris, Spyridon-Dionysios"]
[Black "Alexiadis, Hristos"]
[Result "0-1"]
[ECO "A61"]
[WhiteElo "1884"]
[BlackElo "2344"]
[Annotator "NA RC"]
[PlyCount "96"]
[EventDate "2019.07.02"]
[EventCountry "GRE"]
[SourceTitle "playchess.com"]
[Source "ChessBase"]
[SourceQuality "1"]
[TimeControl "5400+30"]

1. d4 Nf6 2. c4 e6 3. Nc3 c5 4. d5 exd5 5. cxd5 d6 6. Nf3 g6 7. Nd2 Nbd7 8. e4 Bg7 9. Be2 O-O 10. O-O Re8 11. Qc2 a6 12. a4 Rb8 13. a5 Qe7 14. b3 Ne5 15. Bb2 g5 16. Rae1 b5 17. axb6 Rxb6 18. Nd1 Bd7 19. Bxe5 dxe5 20. Ne3 Bf8 21. Ndc4 Rb4 22. Ra1 Bb5 23. f3 Nh5 24. g3 Nf6 25. Ra3 h6 26. Qc3 Qc7 27. Nc2 Nd7 28. Ra2 Bxc4 29. Nxb4 Bxe2 30. Rxe2 Qb6 31. Nc6 c4+ 32. Kh1 cxb3 33. Rb1 Nc5 34. Reb2 Qb5 35. Rd2 Bd6 36. h4 Kg7 37. hxg5 hxg5 38. Rh2 f6 39. g4 Rh8 40. Rxh8 Kxh8 41. Na5 Qe2 42. Nb7 Nd3 43. Qc8+ Kg7 44. Nxd6 Qxf3+ 45. Kh2 Qf2+ 46. Kh1 Qh4+ 47. Kg2 Nf4+ 48. Kf1 Qh1+ 0-1

[Event "47th GRE-chT 2019"]
[Site "Patra"]
[Date "2019.07.05"]
[Round "5.9"]
[White "Chatzieleftheriou, Andreas"]
[Black "Stefanou, Dimitrios"]
[Result "1-0"]
[ECO "C54"]
[WhiteElo "2208"]
[BlackElo "1975"]
[Annotator "RC"]
[PlyCount "77"]
[EventDate "2019.07.02"]
[EventCountry "GRE"]
[SourceTitle "playchess.com"]
[Source "ChessBase"]
[SourceQuality "1"]
[TimeControl "5400+30"]

1. e4 e5 2. Nf3 Nc6 3. Bc4 Bc5 4. c3 Nf6 5. d3 d6 6. Bb3 O-O 7. O-O a6 8. Nbd2 Ba7 9. Re1 Ne7 10. Nf1 Ng6 11. Ng3 h6 12. Bc2 Re8 13. h3 c6 14. d4 Qc7 15. Be3 Be6 16. Qd2 Rad8 17. Nf5 Bxf5 18. exf5 Nf8 19. Bxh6 N8h7 20. g4 e4 21. g5 gxh6 22. gxf6 Kh8 23. Rxe4 Rxe4 24. Bxe4 Rg8+ 25. Kh1 Qd8 26. Qxh6 Qxf6 27. Qxf6+ Nxf6 28. Bd3 Nd5 29. Re1 Kg7 30. Bc4 Kf6 31. Bxd5 cxd5 32. Re3 Bb6 33. Nh2 Bd8 34. Rf3 Re8 35. Ng4+ Kg5 36. Ne3 Kh4 37. f6 Re6 38. Kg2 Bxf6 39. Nxd5 1-0

[Event "47th GRE-chT 2019"]
[Site "Patra"]
[Date "2019.07.05"]
[Round "5.9"]
[White "Loukisas, Dimitrios"]
[Black "Fragkos, Vasileios"]
[Result "1-0"]
[ECO "E46"]
[WhiteElo "1898"]
[BlackElo "1901"]
[Annotator "NA RC"]
[PlyCount "85"]
[EventDate "2019.07.02"]
[EventCountry "GRE"]
[SourceTitle "playchess.com"]
[Source "ChessBase"]
[SourceQuality "1"]
[TimeControl "5400+30"]

1. d4 Nf6 2. c4 e6 3. Nc3 Bb4 4. e3 O-O 5. Nge2 Re8 6. a3 Bf8 7. e4 d6 8. f3 Nbd7 9. Be3 e5 10. d5 a5 11. g4 g6 12. Ng3 Kg7 13. h4 Ng8 14. b4 Be7 15. h5 Bg5 16. Bf2 axb4 17. axb4 Rxa1 18. Qxa1 Qf6 19. Be2 Nf8 20. Kf1 h6 21. Kg2 Kh8 22. Bd3 Nh7 23. c5 Bf4 24. Nce2 Bg5 25. Bb5 Rf8 26. Qc3 Bf4 27. Ra1 c6 28. dxc6 bxc6 29. Bxc6 Ng5 30. cxd6 Rd8 31. Ra8 Rxd6 32. Rxc8 Bd2 33. Qb3 Rxc6 34. Rxc6 Qxc6 35. b5 Qb7 36. Qb2 Ba5 37. Qxe5+ Kh7 38. hxg6+ Kxg6 39. b6 Bb4 40. Nf5 Ne6 41. Nf4+ Nxf4+ 42. Qxf4 Ne7 43. Qxh6# 1-0

[Event "47th GRE-chT 2019"]
[Site "Patra"]
[Date "2019.07.05"]
[Round "5.10"]
[White "Mourelatos, Spyridon"]
[Black "Souchleris, Nikolaos"]
[Result "1-0"]
[ECO "B50"]
[WhiteElo "1626"]
[BlackElo "1204"]
[Annotator "NA RC"]
[PlyCount "93"]
[EventDate "2019.07.02"]
[EventCountry "GRE"]
[SourceTitle "playchess.com"]
[Source "ChessBase"]
[SourceQuality "1"]
[TimeControl "5400+30"]

1. e4 c5 2. Nf3 d6 3. Bc4 Nf6 4. d3 a6 5. c3 Nbd7 6. O-O e6 7. Bb3 b5 8. Nbd2 Be7 9. Re1 O-O 10. Nf1 Bb7 11. Bc2 Qc7 12. Bf4 e5 13. Bg3 Rfd8 14. Ne3 Nf8 15. Nf5 Ng6 16. N3h4 Nxh4 17. Bxh4 Qd7 18. Re3 d5 19. Rg3 g6 20. Qf3 dxe4 21. Nxe7+ Qxe7 22. Qxf6 Qxf6 23. Bxf6 Re8 24. dxe4 Re6 25. Bg5 f6 26. Be3 c4 27. Rd1 Re7 28. b3 cxb3 29. Bxb3+ Kg7 30. Bc5 Rc7 31. Bb6 Re7 32. Bd5 Rd7 33. Rgd3 Rb8 34. Bxb7 Rdxb7 35. Rd7+ Kh6 36. Be3+ Kh5 37. h3 h6 38. Rxb7 Rxb7 39. Rd6 Rc7 40. Bd2 Rc4 41. Rxf6 Ra4 42. g4+ Kh4 43. Kg2 Rxa2 44. Bxh6 Re2 45. Be3 a5 46. Rxg6 Rxf2+ 47. Bxf2# 1-0

[Event "47th GRE-chT 2019"]
[Site "Patra"]
[Date "2019.07.05"]
[Round "5.10"]
[White "Dristellas, Neoklis"]
[Black "Merkos, Thomas"]
[Result "1/2-1/2"]
[ECO "B40"]
[WhiteElo "1577"]
[BlackElo "1665"]
[Annotator "NA RC"]
[PlyCount "89"]
[EventDate "2019.07.02"]
[EventCountry "GRE"]
[SourceTitle "playchess.com"]
[Source "ChessBase"]
[SourceQuality "1"]
[TimeControl "5400+30"]

1. e4 c5 2. Nf3 e6 3. d4 cxd4 4. Nxd4 Nc6 5. Nxc6 bxc6 6. Bd3 d6 7. O-O e5 8. Kh1 Nf6 9. c4 Be7 10. Nc3 O-O 11. h3 Nd7 12. f4 Rb8 13. b3 Nc5 14. Bc2 Ne6 15. Ne2 Bf6 16. f5 Nd4 17. Be3 c5 18. Nc3 Bb7 19. Nd5 Bxd5 20. exd5 Bg5 21. Bxd4 cxd4 22. Qh5 Qf6 23. g4 Rbe8 24. Be4 Bf4 25. Rg1 g6 26. g5 Qxf5 27. Bxf5 gxh5 28. Be4 Kh8 29. h4 h6 30. g6 fxg6 31. Rxg6 Rd8 32. Rag1 Be3 33. R1g3 Rf1+ 34. Kg2 Rf2+ 35. Kh1 Rf1+ 36. Kg2 Rg1+ 37. Kh2 Rxg3 38. Kxg3 Rg8 39. c5 Rxg6+ 40. Bxg6 dxc5 41. Kf3 Kg7 42. Bxh5 Kf6 43. Bg4 Bd2 44. Ke4 Bf4 45. Bf3 1/2-1/2

[Event "47th GRE-chT 2019"]
[Site "Patra"]
[Date "2019.07.05"]
[Round "5.11"]
[White "Papaioannou, Ioannis"]
[Black "Laznicka, Viktor"]
[Result "1/2-1/2"]
[ECO "C67"]
[WhiteElo "2640"]
[BlackElo "2658"]
[Annotator "RC"]
[PlyCount "62"]
[EventDate "2019.07.02"]
[EventCountry "GRE"]
[SourceTitle "playchess.com"]
[Source "ChessBase"]
[SourceQuality "1"]
[TimeControl "5400+30"]

1. e4 e5 2. Nf3 Nc6 3. Bb5 Nf6 4. O-O Nxe4 5. Re1 Nd6 6. Nxe5 Be7 7. Bf1 Nxe5 8. Rxe5 O-O 9. d4 Bf6 10. Re1 Re8 11. c3 Rxe1 12. Qxe1 Qe7 13. Qxe7 Bxe7 14. Bf4 b6 15. Nd2 Bb7 16. Re1 Kf8 17. g3 Ne8 18. Nc4 Rd8 19. h4 d5 20. Ne3 Bd6 21. Bxd6+ Nxd6 22. f3 a5 23. Kf2 Re8 24. Bd3 h6 25. Nf5 Nxf5 26. Rxe8+ Kxe8 27. Bxf5 Ke7 28. Ke3 Ba6 29. Bc2 g5 30. hxg5 hxg5 31. a3 Bc8 {[%emt 0:00:14] Ke4} 1/2-1/2

[Event "47th GRE-chT 2019"]
[Site "Patra"]
[Date "2019.07.05"]
[Round "5.12"]
[White "Martinovic, Sasa"]
[Black "Gouloutis, Nikolaos"]
[Result "1/2-1/2"]
[ECO "E11"]
[WhiteElo "2560"]
[BlackElo "2367"]
[Annotator "ChessBase"]
[PlyCount "183"]
[EventDate "2019.07.02"]
[EventCountry "GRE"]
[SourceTitle "playchess.com"]
[Source "ChessBase"]
[SourceQuality "1"]
[TimeControl "5400+30"]

1. d4 Nf6 2. c4 e6 3. Nf3 Bb4+ 4. Nbd2 b6 5. a3 Bxd2+ 6. Qxd2 Bb7 7. e3 O-O 8. Be2 d6 9. O-O Nbd7 10. b4 Qe7 11. Bb2 c5 12. Rfd1 Rfd8 13. dxc5 dxc5 14. Qc3 Qf8 15. b5 h6 16. Nd2 Ne4 17. Nxe4 Bxe4 18. Rd2 f6 19. f3 Bg6 20. f4 Be4 21. Rad1 Qe7 22. Bd3 Bb7 23. Bc2 Nf8 24. e4 Rxd2 25. Qxd2 Kf7 26. h4 Ke8 27. Qe2 Qf7 28. Qd2 Qe7 29. Kf2 Rd8 30. Qxd8+ Qxd8 31. Rxd8+ Kxd8 32. g4 Nd7 33. e5 fxe5 34. fxe5 Ke7 35. h5 Nf8 36. Bc1 Ke8 37. Kg3 Ba8 38. a4 Kf7 39. g5 hxg5 40. Bxg5 Ke8 41. Bd3 Bb7 42. Kf4 Bg2 43. Bh4 Bb7 44. Be1 Kf7 45. a5 Ba8 46. axb6 axb6 47. Bh4 Ke8 48. Kg5 Bf3 49. h6 gxh6+ 50. Kxh6 Nd7 51. Bg3 Kf7 52. Bg6+ Kf8 53. Bd3 Kf7 54. Kg5 Nf8 55. Bh4 Bg2 56. Kg4 Ke8 57. Kg3 Bb7 58. Kf4 Bg2 59. Bf6 Nd7 60. Be2 Nf8 61. Kg5 Be4 62. Bh5+ Kd7 63. Bg7 Ke7 64. Bf6+ Kd7 65. Kh6 Bd3 66. Kg7 Nh7 67. Bg6 Bxc4 68. Bxh7 Bxb5 69. Bh4 Bc4 70. Kf6 Bd5 71. Bf2 Ba2 72. Be4 Bc4 73. Bf3 Ba2 74. Be2 Kc6 75. Bf3+ Kd7 76. Kf7 Bb3 77. Bg2 Bc4 78. Kg6 Bb3 79. Kg5 Bc4 80. Bg1 Bb3 81. Bf2 Bc4 82. Kf4 Bb3 83. Bf3 Bc4 84. Ke3 Bd5 85. Bh5 b5 86. Kd3 Kc6 87. Be8+ Kb6 88. Bd7 Ba2 89. Kc3 Bd5 90. Be8 Ba2 91. Bh5 Bd5 92. Be8 1/2-1/2

[Event "47th GRE-chT 2019"]
[Site "Patra"]
[Date "2019.07.05"]
[Round "5.12"]
[White "Pancevski, Filip"]
[Black "Postny, Evgeny"]
[Result "0-1"]
[ECO "A20"]
[WhiteElo "2514"]
[BlackElo "2601"]
[Annotator "RC"]
[PlyCount "138"]
[EventDate "2019.07.02"]
[EventCountry "GRE"]
[SourceTitle "playchess.com"]
[Source "ChessBase"]
[SourceQuality "1"]
[TimeControl "5400+30"]

1. c4 e5 2. g3 Nf6 3. Bg2 c6 4. Nf3 e4 5. Nd4 d5 6. cxd5 Qxd5 7. Nc2 Qh5 8. h3 Bd6 9. Nc3 Qg6 10. Ne3 O-O 11. b3 Na6 12. Bb2 Re8 13. a3 Nc7 14. Qc2 Bd7 15. Nc4 Bf8 16. Nd1 Be6 17. Ne5 Qh5 18. Ne3 Ncd5 19. N3g4 h6 20. Nxf6+ Nxf6 21. Nc4 Be7 22. Qc3 Bd5 23. Rc1 e3 24. O-O Bxg2 25. Kxg2 exd2 26. Qxd2 Ne4 27. Qc2 Bf8 28. h4 Nxg3 29. Kxg3 Rxe2 30. Qd3 Re6 31. Kh2 b5 32. Ne5 Rxe5 33. Bxe5 Qxe5+ 34. Qg3 Qf6 35. Rcd1 Bxa3 36. Rfe1 Bc5 37. Kg2 Bd4 38. Re4 Bxf2 39. Qf4 Qxf4 40. Rxf4 Bb6 41. Rd7 Rf8 42. h5 a5 43. Re4 Ra8 44. Ree7 a4 45. Rxf7 Bd4 46. bxa4 bxa4 47. Rfe7 a3 48. Rxd4 a2 49. Re1 a1=Q 50. Rxa1 Rxa1 51. Rc4 Ra5 52. Rxc6 Rxh5 53. Rc7 Rf5 54. Kg3 h5 55. Kh4 Kh7 56. Rc6 g6 57. Ra6 Kh6 58. Rb6 Rf4+ 59. Kg3 Ra4 60. Rc6 h4+ 61. Kh3 Kh5 62. Rc8 Ra3+ 63. Kh2 g5 64. Rc2 h3 65. Rc4 g4 66. Rc8 Ra2+ 67. Kg3 Rg2+ 68. Kf4 h2 69. Rh8+ Kg6 0-1

[Event "47th GRE-chT 2019"]
[Site "Patra"]
[Date "2019.07.05"]
[Round "5.13"]
[White "Grivas, Efstratios"]
[Black "Ioannidis, Evgenios"]
[Result "0-1"]
[ECO "A20"]
[WhiteElo "2418"]
[BlackElo "2378"]
[Annotator "NA RC"]
[PlyCount "100"]
[EventDate "2019.07.02"]
[EventCountry "GRE"]
[SourceTitle "playchess.com"]
[Source "ChessBase"]
[SourceQuality "1"]
[TimeControl "5400+30"]

1. c4 e5 2. g3 Nf6 3. Bg2 h6 4. Nc3 Bb4 5. Nf3 e4 6. Nd4 Nc6 7. Nxc6 dxc6 8. Nxe4 Nxe4 9. Bxe4 Qd4 10. Bg2 Qxc4 11. O-O O-O 12. d3 Qb5 13. Bd2 a5 14. Bc3 Re8 15. Qd2 Qh5 16. Rfe1 Bc5 17. d4 Bf8 18. e4 Bg4 19. Qf4 Bd6 20. e5 Bb4 21. d5 Bxc3 22. bxc3 cxd5 23. Bxd5 Bc8 24. h4 c6 25. Bf3 Qf5 26. Qe3 Kh8 27. Rad1 a4 28. Bg2 f6 29. f4 fxe5 30. Qc5 Qc2 31. a3 Bg4 32. Rc1 Qd2 33. fxe5 Rad8 34. Qe3 Qa2 35. Qe4 Be6 36. Ra1 Qb2 37. Rab1 Qxc3 38. Re3 Qc5 39. Rbe1 Bd5 40. Qf4 Rf8 41. Qxa4 Bxg2 42. Kxg2 Rd2+ 43. Kh3 Rff2 44. Qa8+ Kh7 45. Qe8 Qc2 46. Re4 Rd3 47. R1e3 Rxe3 48. Rxe3 Qf5+ 49. g4 Qf4 50. Rg3 Qe4 0-1

[Event "47th GRE-chT 2019"]
[Site "Patra"]
[Date "2019.07.05"]
[Round "5.13"]
[White "Tetepoulidis, Ioannis"]
[Black "Karousos-Theodorakis, Nikolaos"]
[Result "1/2-1/2"]
[ECO "B23"]
[WhiteElo "2117"]
[BlackElo "2304"]
[Annotator "NA"]
[PlyCount "138"]
[EventDate "2019.07.02"]
[EventCountry "GRE"]
[SourceTitle "playchess.com"]
[Source "ChessBase"]
[SourceQuality "1"]
[TimeControl "5400+30"]

1. e4 c5 2. Nc3 Nc6 3. f4 g6 4. Nf3 Bg7 5. Bb5 Nd4 6. O-O a6 7. Bd3 d6 8. Nxd4 cxd4 9. Ne2 Nf6 10. c3 dxc3 11. bxc3 O-O 12. Rb1 b5 13. Bc2 e5 14. Qe1 Re8 15. d3 exf4 16. Bxf4 Qb6+ 17. Kh1 d5 18. e5 Nh5 19. d4 f6 20. Bb3 Bb7 21. exf6 Bxf6 22. Qd2 Qe6 23. Rbe1 Qg4 24. Bd1 Qd7 25. Nc1 Rxe1 26. Rxe1 Nxf4 27. Qxf4 Re8 28. Rxe8+ Qxe8 29. Nd3 Bg7 30. Bf3 h6 31. h4 Qe7 32. Nc5 Kh7 33. Nxb7 Qxb7 34. h5 Qc6 35. Qf7 Qf6 36. hxg6+ Qxg6 37. Qxd5 Qf6 38. g3 a5 39. Be4+ Kh8 40. Qxb5 a4 41. Kg2 a3 42. Qf5 Kg8 43. Qd5+ Kh8 44. Qa8+ Bf8 45. Qe8 Kg7 46. Qd7+ Be7 47. c4 Qg5 48. c5 h5 49. Kf3 Qf6+ 50. Bf5 h4 51. gxh4 Qxh4 52. Bg4 Qh1+ 53. Ke3 Qc1+ 54. Ke4 Qc2+ 55. Kf4 Qh2+ 56. Ke3 Qg1+ 57. Ke2 Qh2+ 58. Kd3 Qg3+ 59. Kc4 Qe1 60. Qe6 Qc1+ 61. Kb5 Qb2+ 62. Kc6 Bf6 63. Qd7+ Kh6 64. Qd6 Kg5 65. Be6 Bxd4 66. Qd5+ Be5 67. Qb3 Kf6 68. Bd5 Qxb3 69. Bxb3 Ke7 1/2-1/2

[Event "47th GRE-chT 2019"]
[Site "Patra"]
[Date "2019.07.05"]
[Round "5.14"]
[White "Balokas, Dimitrios"]
[Black "Exizoglou, Dimitrios"]
[Result "1/2-1/2"]
[ECO "A29"]
[WhiteElo "2206"]
[BlackElo "2072"]
[Annotator "RC"]
[PlyCount "61"]
[EventDate "2019.07.02"]
[EventCountry "GRE"]
[SourceTitle "playchess.com"]
[Source "ChessBase"]
[SourceQuality "1"]
[TimeControl "5400+30"]

1. c4 e5 2. Nc3 Nf6 3. Nf3 Nc6 4. g3 d5 5. cxd5 Nxd5 6. Bg2 Nb6 7. O-O Be7 8. Rb1 a5 9. a3 a4 10. d3 Be6 11. Be3 Bb3 12. Qc1 Nd5 13. Nxd5 Bxd5 14. Rd1 O-O 15. d4 Bb3 16. Rd2 exd4 17. Nxd4 Nxd4 18. Bxd4 Qc8 19. Qc3 f6 20. Bc5 Bxc5 21. Qxc5 c6 22. Be4 Re8 23. Bc2 Bd5 24. b3 Qh3 25. f3 Qh6 26. Qd4 Rad8 27. Qf4 Qxf4 28. gxf4 axb3 29. Bxb3 Bxb3 30. Rxd8 Rxd8 31. Rxb3 1/2-1/2

[Event "47th GRE-chT 2019"]
[Site "Patra"]
[Date "2019.07.05"]
[Round "5.14"]
[White "Papadopoulos, Panayotis"]
[Black "Souleidis, Georgios"]
[Result "1-0"]
[ECO "B07"]
[WhiteElo "2165"]
[BlackElo "2426"]
[Annotator "RC"]
[PlyCount "66"]
[EventDate "2019.07.02"]
[EventCountry "GRE"]
[SourceTitle "playchess.com"]
[Source "ChessBase"]
[SourceQuality "1"]
[TimeControl "5400+30"]

1. d4 Nf6 2. Nf3 g6 3. g3 Bg7 4. Bg2 O-O 5. O-O d6 6. a4 a5 7. Nc3 Nbd7 8. e4 e5 9. Re1 c6 10. h3 Re8 11. Be3 Qc7 12. Qd2 b6 13. Rad1 Bb7 14. Bh6 Rad8 15. b3 exd4 16. Nxd4 Nf8 17. Bxg7 Kxg7 18. Qg5 Bc8 19. Nxc6 Qxc6 20. Qxf6+ Kxf6 21. e5+ Rxe5 22. Bxc6 Bf5 23. Rxe5 Kxe5 24. Nd5 Bxh3 25. f4+ Ke6 26. Re1+ Kf5 27. Kh2 g5 28. Kxh3 gxf4 29. Nxf4 Ne6 30. Be4+ Kf6 31. Nxe6 fxe6 32. Rf1+ Ke5 33. Bxh7 Kd5 1-0

[Event "47th GRE-chT 2019"]
[Site "Patra"]
[Date "2019.07.05"]
[Round "5.15"]
[White "Daulyte-Cornette, Deimante"]
[Black "Grapsa, Georgia"]
[Result "1-0"]
[ECO "B92"]
[WhiteElo "2444"]
[BlackElo "2038"]
[Annotator "NA RC"]
[PlyCount "79"]
[EventDate "2019.07.02"]
[EventCountry "GRE"]
[SourceTitle "playchess.com"]
[Source "ChessBase"]
[SourceQuality "1"]
[TimeControl "5400+30"]

1. e4 c5 2. Nf3 d6 3. d4 cxd4 4. Nxd4 Nf6 5. Nc3 a6 6. Be2 e5 7. Nf3 Be7 8. Bg5 Nbd7 9. a4 b6 10. Nd2 h6 11. Bh4 Bb7 12. Nc4 g5 13. Bg3 Nc5 14. f3 Qc7 15. Qd2 Rd8 16. b4 Ne6 17. Bf2 Nd4 18. Bxd4 exd4 19. Qxd4 d5 20. exd5 Bxd5 21. Nxd5 Rxd5 22. Qxb6 Qxb6 23. Nxb6 Bxb4+ 24. Kf1 Rc5 25. Bd3 O-O 26. g3 Rb8 27. Nc4 Nd5 28. Kf2 Bc3 29. Ra3 Re8 30. h4 Bd4+ 31. Kg2 a5 32. Nd6 Ne3+ 33. Kh3 Re6 34. Ne4 f5 35. Nxc5 g4+ 36. fxg4 fxg4+ 37. Kh2 Bxc5 38. Rc3 Rf6 39. Re1 Bb6 40. Rxe3 1-0

[Event "47th GRE-chT 2019"]
[Site "Patra"]
[Date "2019.07.05"]
[Round "5.15"]
[White "Salimova, Nurgyul"]
[Black "Salahidou, Reveka"]
[Result "1-0"]
[ECO "D02"]
[WhiteElo "2416"]
[BlackElo "1971"]
[Annotator "RC"]
[PlyCount "57"]
[EventDate "2019.07.02"]
[EventCountry "GRE"]
[SourceTitle "playchess.com"]
[Source "ChessBase"]
[SourceQuality "1"]
[TimeControl "5400+30"]

1. d4 d5 2. Nf3 Nf6 3. g3 e6 4. Bg2 a6 5. O-O Nc6 6. Re1 Be7 7. Nbd2 Rb8 8. e4 O-O 9. e5 Nd7 10. Nf1 b5 11. h4 Na5 12. N1h2 b4 13. h5 c5 14. h6 g6 15. Ng4 Nc6 16. dxc5 Bxc5 17. Bg5 Qb6 18. Qd2 Ne7 19. Nh4 Bb7 20. c3 Nf5 21. Nxf5 exf5 22. Nh2 d4 23. cxd4 Bxd4 24. Rad1 Bxe5 25. Be3 Nc5 26. Bxb7 Rxb7 27. Qd5 Qf6 28. Bxc5 Rb5 29. Qxe5 1-0

[Event "47th GRE-chT 2019"]
[Site "Patra"]
[Date "2019.07.05"]
[Round "5.16"]
[White "Petraki, Evaggelia"]
[Black "Kalyva, Kyriaki"]
[Result "1-0"]
[ECO "B75"]
[WhiteElo "1785"]
[BlackElo "1869"]
[Annotator "NA RC"]
[PlyCount "63"]
[EventDate "2019.07.02"]
[EventCountry "GRE"]
[SourceTitle "playchess.com"]
[Source "ChessBase"]
[SourceQuality "1"]
[TimeControl "5400+30"]

1. e4 c5 2. Nf3 d6 3. d4 cxd4 4. Nxd4 Nf6 5. Nc3 g6 6. f3 Bg7 7. Be3 a6 8. Qd2 h5 9. Be2 Nbd7 10. h3 b5 11. a3 Bb7 12. O-O Rc8 13. Rac1 Ne5 14. b3 Ned7 15. Rfd1 O-O 16. Bf1 Qc7 17. Nb1 e5 18. Ne2 d5 19. c4 bxc4 20. exd5 Nxd5 21. Rxc4 Qb8 22. Bh6 Bxh6 23. Qxh6 Nc5 24. Ng3 Ne6 25. Ne4 Qa7+ 26. Kh2 Nef4 27. Ng5 Nf6 28. Rd6 Ne6 29. Nxe6 fxe6 30. Qxg6+ Kh8 31. Rxe6 Nd5 32. Qxh5+ 1-0

[Event "47th GRE-chT 2019"]
[Site "Patra"]
[Date "2019.07.05"]
[Round "5.16"]
[White "Stratigi, Evangelia"]
[Black "Batzoli, Maria"]
[Result "1/2-1/2"]
[ECO "B10"]
[WhiteElo "1624"]
[BlackElo "1390"]
[Annotator "NA RC"]
[PlyCount "96"]
[EventDate "2019.07.02"]
[EventCountry "GRE"]
[SourceTitle "playchess.com"]
[Source "ChessBase"]
[SourceQuality "1"]
[TimeControl "5400+30"]

1. e4 c6 2. Nf3 d5 3. exd5 cxd5 4. Ne5 Nf6 5. d4 g6 6. c3 Bg7 7. Bd3 O-O 8. O-O Nbd7 9. f4 Ne8 10. Nd2 Nd6 11. Qf3 Nf6 12. Re1 Bf5 13. Bxf5 Nxf5 14. Nd3 e6 15. g4 Nd6 16. Nf2 b6 17. Qh3 h5 18. g5 Nfe8 19. Nf3 Nf5 20. Ne5 Ned6 21. b3 Qc7 22. Ba3 Rfc8 23. Bxd6 Nxd6 24. Rac1 Bxe5 25. dxe5 Nf5 26. Qd3 Qc5 27. Re2 Rc7 28. Kh1 Rac8 29. Nd1 b5 30. Rb1 b4 31. Rc1 a5 32. c4 Qd4 33. Qxd4 Nxd4 34. Rd2 Nb5 35. Nb2 Na3 36. Na4 Rc6 37. c5 Nb5 38. Rdc2 Nc3 39. Kg2 Nxa4 40. bxa4 Kf8 41. Kf3 Ke7 42. Ke3 Kd7 43. Kd4 R6c7 44. h4 Kc6 45. Rb2 Rb7 46. Rcb1 Rcb8 47. Rb3 Rc7 48. R1b2 Rcb7 1/2-1/2